 Dungeon Sprint DCSS version 0.18-a0-1060-g4fac74f (webtiles) character file.

1005 JokEr the Unseen (level 8, -4/55 HPs)
             Began as a Halfling Assassin on Jan 12, 2016.
             Was a Follower of Dithmenos.
             Slain by a demonic crawler (11 damage)
             ... in the Dungeon (Sprint I: "Red Sonja").
             The game lasted 00:01:44 (170 turns).

JokEr the Unseen (Halfling Assassin)                 Turns: 170, Time: 00:01:44

Health: -4/55      AC:  3    Str: 11    XL:     8   Next: 44%
Magic:  8/8        EV: 17    Int: 10    God:    Dithmenos [*.....]
Gold:   270        SH:  0    Dex: 18    Spells: 0 memorised, 7 levels left

rFire  . . .     SeeInvis .     a - +2 dagger
rCold  . . .     Gourm    .     c - +0 robe
rNeg   . . .     Faith    .     (shield restricted)
rPois  .         Spirit   .     (no helmet)
rElec  .         Dismiss  .     d - +0 cloak
rCorr  .         Reflect  .     (no gloves)
SustAt .         Harm     .     (no boots)
MR     .....     NoTele   +     (no amulet)
Stlth  +++++++++.               (no ring)
                                (no ring)

@: lethally poisoned (-4 -> -9), exhausted, very slightly contaminated, hasted
and slowed, wreathed by umbra, not resistant to hostile enchantments, incredibly
stealthy
A: mutation resistance 1
a: Renounce Religion


You were in the Dungeon.
You worshipped Dithmenos.
Dithmenos was aware of your devotion.
You were not hungry.

You visited 1 branch You collected 270 gold pieces.

Inventory:

Hand Weapons
 a - a +2 dagger (weapon)
 b - a +0 blowgun
Missiles
 e - 8 poisoned needles
 f - 2 curare-tipped needles
Armour
 c - a +0 robe (worn)
 d - a +0 cloak (worn)
Scrolls
 m - a scroll of blinking
 n - a scroll of recharging
Potions
 i - a potion of heal wounds
 k - 2 potions of magic
Comestibles
 g - a bread ration


   Skills:
 + Level 5.3 Fighting
 + Level 8.2 Short Blades
 - Level 4.1 Throwing
 - Level 4.4 Dodging
 + Level 16.6 Stealth


You had 7 spell levels left.
You didn't know any spells.

Dungeon Overview and Level Annotations

Branches:
Dungeon (1/1)

Altars:
Cheibriados
Dithmenos
Fedhas
Sif Muna
Vehumet
Jiyva


Innate Abilities, Weirdness & Mutations

You are small and have problems with some larger weapons.
You are somewhat resistant to further mutation.


Message History

You feel sick.
You feel sick.
There is an open door here.
You feel sick.
You barely miss the demonic crawler.
You feel sick. The demonic crawler hits you!
The demonic crawler completely misses you.
The demonic crawler hits you.
You completely miss the demonic crawler.
You feel sick.
Drink which item? (? for menu, Esc to quit)
You feel yourself speed up.
You feel sick.
The demonic crawler barely misses you. x3
The demonic crawler hits you!
* * * LOW HITPOINT WARNING * * *
The demonic crawler barely misses you. The demonic crawler misses you.
You are very lightly contaminated with residual magic.
The demonic crawler closely misses you. The demonic crawler hits you!
* * * LOW HITPOINT WARNING * * *
The demonic crawler misses you. The demonic crawler hits you!
You die...

##########################
#<.#..'..#.)'..#_s#.))...#
#..'†.#.)'..#..'@ss..#.§.#
#..#####'#####'#_s####.§.sss#
#..# #..# #.#### #####s.+
#..# #### ##.# ## #..# #+#..+
#⌠⌠# +..._# #### #_.#+# ##+#


You could see 4 demonic crawlers.

Vanquished Creatures
  2 kobold demonologists (D)
  A slime creature (D)
  Sigmund (D)
  An ogre (D)
  A jelly (D)
  Ijyb (D)
  A giant eyeball (D)
8 creatures vanquished.

Notes
Turn   | Place    | Note
--------------------------------------------------------------
     0 | D        | JokEr the Halfling Assassin began the quest for the Orb.
     0 | D        | Reached XP level 1. HP: 14/14 MP: 1/1
     2 | D        | Noticed Ijyb
    25 | D        | Killed Ijyb
    25 | D        | Reached skill level 7 in Stealth
    25 | D        | Reached XP level 2. HP: 16/19 MP: 2/2
    25 | D        | Reached XP level 3. HP: 20/24 MP: 3/3
    67 | D        | Noticed an ogre
    70 | D        | Killed an ogre
    70 | D        | Reached skill level 9 in Stealth
    70 | D        | Reached XP level 4. HP: 28/31 MP: 4/4
    70 | D        | Reached XP level 5. HP: 32/36 MP: 5/5
    72 | D        | Noticed Sigmund
    75 | D        | Killed Sigmund
    75 | D        | Reached skill level 5 in Short Blades
    75 | D        | Reached skill level 12 in Stealth
    75 | D        | Reached XP level 6. HP: 38/43 MP: 6/6
    98 | D        | Found a deep blue altar of Sif Muna.
   100 | D        | Found a radiant altar of Vehumet.
   114 | D        | Found a snail-covered altar of Cheibriados.
   114 | D        | Found a viscous altar of Jiyva.
   114 | D        | Found a shadowy altar of Dithmenos.
   114 | D        | Found a blossoming altar of Fedhas.
   114 | D        | Noticed a slime creature
   117 | D        | Killed a slime creature
   117 | D        | Reached skill level 14 in Stealth
   117 | D        | Reached XP level 7. HP: 47/49 MP: 7/7
   119 | D        | Became a worshipper of Dithmenos the Shadowed
   131 | D        | Noticed a kobold demonologist
   132 | D        | Noticed a kobold demonologist
   137 | D        | Noticed a neqoxec
   142 | D        | Noticed a rust devil
   152 | D        | Killed a kobold demonologist
   152 | D        | Reached skill level 5 in Fighting
   152 | D        | Reached skill level 15 in Stealth
   152 | D        | Reached XP level 8. HP: 55/55 MP: 8/8
   160 | D        | Killed a kobold demonologist
   160 | D        | Reached skill level 16 in Stealth
   161 | D        | Reached * piety under Dithmenos
   162 | D        | Noticed a demonic crawler
   162 | D        | Noticed a demonic crawler
   162 | D        | Noticed a demonic crawler
   162 | D        | Noticed a demonic crawler
   170 | D        | Slain by a demonic crawler

Vault maps used:
D:        dungeon_sprint_1

Action                   |  1- 3 |  4- 6 |  7- 9 || total
-------------------------+-------+-------+-------++-------
Melee: Dagger            |    22 |     3 |    27 ||    52
  Use: Potion            |     1 |       |     2 ||     3
       Scroll            |       |     1 |       ||     1
 Stab: Sleeping          |     1 |     3 |       ||     4
